 Dungeon Crawl Stone Soup version 0.20-a0-267-g4a7ec2a (webtiles) character file.

1130 AlphabetPasta the Chopper (level 8, -3/63 HPs)
             Began as a Formicid Monk on Dec 6, 2016.
             Slain by Menkaure (15 damage)
             ... on level 4 of the Dungeon on Dec 7, 2016.
             The game lasted 00:22:36 (6496 turns).

AlphabetPasta the Chopper (Formicid Monk)           Turns: 6496, Time: 00:22:36

Health: -3/63      AC: 10    Str: 17    XL:     8   Next: 62%
Magic:  8/8        EV:  9    Int: 11    God:
Gold:   148        SH:  0    Dex: 13    Spells: 7/7 levels left

rFire  . . .     SeeInvis +     a - +0 hand axe
rCold  . . .     Gourm    .     l - +1 chain mail
rNeg   + . .     Faith    .     (no shield)
rPois  +         Spirit   .     (helmet unavailable)
rElec  .         Reflect  .     (no cloak)
rCorr  .         Harm     .     (no gloves)
MR     .....                    (no boots)
Stlth  ..........               (no amulet)
                                o - ring of poison resistance
                                n - ring of positive energy

@: no status effects
A: permanent stasis, dig shafts and tunnels, four strong arms, antennae 3
a: Dig, Shaft Self


You were on level 4 of the Dungeon.
You were not hungry.

You visited 1 branch of the dungeon, and saw 4 of its levels.

You collected 148 gold pieces.

Inventory:

Hand Weapons
 a - a +0 hand axe (weapon)
Missiles
 k - 20 bolts
Armour
 b - a +0 robe
 g - a +0 large shield
 l - a +1 chain mail (worn)
Jewellery
 n - a ring of positive energy (left hand)
 o - a ring of poison resistance (right hand)
Wands
 u - a wand of flame (37/48)
Scrolls
 e - a scroll of remove curse
 j - a scroll of random uselessness {unknown}
Potions
 d - a potion of brilliance
 i - 2 potions of flight
 p - 2 potions of magic {unknown}
 r - a potion of might {unknown}
 t - a potion of cancellation {unknown}
Comestibles
 c - a bread ration
 f - 2 beef jerkies
 h - 3 chunks of flesh
 v - a meat ration


   Skills:
 + Level 5.5 Fighting
 * Level 6.3 Axes
 + Level 4.0 Armour
 + Level 4.6 Dodging
 - Level 2.4 Stealth
 + Level 3.6 Shields


You had 7 spell levels left.
You didn't know any spells.

Dungeon Overview and Level Annotations

Branches:
Dungeon (4/15)
 Temple: D:4-7

Altars:
Dithmenos
The Shining One

Annotations:
D:4 Menkaure


Innate Abilities, Weirdness & Mutations

You cannot be hasted, slowed, berserked, paralysed or teleported.
You can dig through walls and to a lower floor.
Your four strong arms can wield two-handed weapons with a shield.
You have a pair of large antennae on your head. (SInv)


Message History

You feel better. Menkaure misses you.
You hit Menkaure but do no damage.
Menkaure is heavily damaged.
Menkaure barely misses you.
You hit Menkaure but do no damage.
Menkaure is heavily damaged.
Menkaure hits you.
You hit Menkaure but do no damage.
Menkaure is heavily damaged.
Menkaure calls on the powers of darkness!
Your body is wracked with pain!
* * * LOW HITPOINT WARNING * * *
The worm convulses!
You hit Menkaure.
Menkaure is heavily damaged.
Menkaure hits you but does no damage.
You hit Menkaure but do no damage.
Menkaure is heavily damaged.
Menkaure barely misses you. Menkaure hits you!
You die...

###.......# #≈≈.≈≈#.....##
#.........###≈8.8≈#.......
#..........##≈._.≈#.....##
#.........## ≈8.8≈#.....#
#....####)# ≈.≈ ##....#
#....# #.# ##'# #....##
#....# #w# #..# #....#.
#....# #M# ##.##########.
##....####@# #.......# #.
#..........# #.#####.# #.
#.###.###### #.#...#.#####.
###.###.## #...#.#.......
#........# #.#.#.#######.
#######..#########.#.#<).[...
#..##..........####.###
#.................[<...
##.##.#################


You could see Menkaure and a worm.

Vanquished Creatures
  Grinder (D:4)
  Sigmund (D:4)
  Duvessa (D:4)
  An ogre (D:4)
  Dowan (D:4)
  A howler monkey (D:3)
  A hound (D:3)
  3 orc priests (D:3)
  An iguana (D:4)
  Natasha (thrice) (D:2)
  2 worker ants (D:4)
  Robin (D:2)
  A howler monkey skeleton (D:4)
  8 adders
  An adder zombie (D:3)
  2 worms
  3 dart slugs
  4 leopard geckos
  6 orcs
  A ball python (D:1)
  12 giant cockroaches
  18 goblins
  11 hobgoblins
  5 jackals
  3 quokkas
  6 bats (D:1)
  7 frilled lizards
  9 kobolds
  8 rats
122 creatures vanquished.

Notes
Turn   | Place    | Note
-------+----------+-------------------------------------------
     0 | D:1      | AlphabetPasta the Formicid Monk began the quest for the Orb.
     0 | D:1      | Reached XP level 1. HP: 18/18 MP: 1/1
   222 | D:1      | Reached XP level 2. HP: 18/24 MP: 2/2
   482 | D:1      | Reached XP level 3. HP: 26/29 MP: 3/3
  1215 | D:2      | Reached skill level 1 in Armour
  1274 | D:2      | Reached XP level 4. HP: 28/37 MP: 4/4
  1500 | D:2      | Noticed Robin
  1515 | D:2      | Killed Robin
  1586 | D:2      | Reached XP level 5. HP: 39/42 MP: 5/5
  1637 | D:2      | Reached skill level 4 in Axes
  2127 | D:2      | Noticed Natasha
  2141 | D:2      | Killed Natasha
  2415 | D:2      | Noticed Natasha
  2428 | D:2      | Killed Natasha
  2593 | D:2      | Noticed Natasha
  2609 | D:2      | Killed Natasha
  2609 | D:2      | Reached XP level 6. HP: 39/49 MP: 6/6
  3342 | D:3      | Reached skill level 1 in Shields
  3831 | D:3      | Found a shadowy altar of Dithmenos.
  4118 | D:3      | Reached skill level 5 in Axes
  4118 | D:3      | Reached XP level 7. HP: 21/55 MP: 7/7
  4291 | D:4      | Noticed Duvessa
  4291 | D:4      | Noticed Sigmund
  4294 | D:4      | Noticed Dowan
  4307 | D:4      | Killed Sigmund
  4448 | D:4      | Killed Duvessa
  5221 | D:4      | Killed Dowan
  5522 | D:3      | Reached skill level 5 in Fighting
  5522 | D:3      | Reached XP level 8. HP: 55/62 MP: 8/8
  5673 | D:4      | Reached skill level 6 in Axes
  5988 | D:4      | Noticed Grinder
  6051 | D:4      | Killed Grinder
  6081 | D:4      | Found a glowing golden altar of the Shining One.
  6460 | D:4      | Noticed Menkaure
  6496 | D:4      | Slain by Menkaure

Vault maps used:
D:1:      minmay_arrival_four_houses, minmay_door_square,
          roderic_serpentine_path, due_unseen_surprise
D:2:      minmay_pentomino_r4, uniq_robin, uniq_natasha
D:3:      marbit_many_paths
D:4:      kennysheep_little_box, uniq_duvessa, uniq_grinder, uniq_menkaure,
          uniq_sigmund

Skill      XL: |  1  2  3  4  5  6  7  8 |
---------------+-------------------------+-----
Dodging        | 3 4 |  4.6
Armour         | 1 2 3 4 |  4.0
Fighting       | 4 5 |  5.5
Axes           | 4 5 6 |  6.3
Shields        | 1 2 3 |  3.6
Stealth        | |  2.4

Action                   |  1- 3 |  4- 6 |  7- 9 || total
-------------------------+-------+-------+-------++-------
Melee: Hand axe          |   135 |   346 |   230 ||   711
 Abil: Dig               |     1 |       |     1 ||     2
  Use: Scroll            |       |     8 |     3 ||    11
       Potion            |       |     2 |     2 ||     4
 Stab: Sleeping          |     4 |       |       ||     4
  Eat: Chunk             |     1 |     8 |     4 ||    13
       Royal jelly       |       |     1 |       ||     1
       Bread ration      |       |       |     1 ||     1
Armor: Robe              |    16 |       |       ||    16
       Chain mail        |    51 |   157 |    94 ||   302
Dodge: Dodged            |    78 |   117 |    78 ||   273
Block: Large shield      |       |       |    18 ||    18
